 Dungeon Crawl Stone Soup version 0.26.0-8-g74fc34ddfb (console) character file.

Game seed: 44437822367345429

227 jejorda2 the Slasher (level 5, -1/42 HPs)
             Began as a Vampire Berserker on Jan 13, 2021.
             Was a Believer of Trog.
             Killed by nerve-wracking pain
             ... invoked by an orc priest
              (14 damage)
             ... on level 6 of the Dungeon.
             The game lasted 00:05:41 (1771 turns).

jejorda2 the Slasher (Vampire Berserker)            Turns: 1771, Time: 00:05:43

Health: -1/42      AC: 14    Str: 17    XL:     5   Next: 70%
Magic:  5/5        EV:  5    Int:  9    God:    Trog [**....]
Gold:   129        SH:  0    Dex: 14    Spells: 4/4 levels left

rFire    . . .     SeeInvis +   a - +0 falchion
rCold    . . .     Faith    .   (no shield)
rNeg     . . .     Spirit   .   q - +0 plate armour
rPois    .         Reflect  .   g - +2 helmet
rElec    .         Harm     .   (no cloak)
rCorr    .         Rampage  .   (no gloves)
Will     .....                  (no boots)
Stlth    ..........             e - amulet of the acrobat
HPRegen  0.34/turn              (no ring)
MPRegen  0.09/turn              (no ring)

@: regenerating quickly
A: fangs 3, see invisible, unbreathing
a: Exsanguinate, Renounce Religion, Berserk, Trog's Hand


You were on level 6 of the Dungeon.
You worshipped Trog.
Trog was pleased with you.
You visited 1 branch of the dungeon, and saw 4 of its levels.

You collected 129 gold pieces.

Inventory:

Hand Weapons
 a - a +0 falchion (weapon)
Missiles
 m - 10 poisoned darts
 r - 7 boomerangs
Armour
 g - a +2 helmet (worn)
 q - a +0 plate armour (worn)
Jewellery
 e - an amulet of the acrobat (around neck)
Scrolls
 c - 2 scrolls of identify
 j - 3 scrolls of teleportation
 o - a scroll of remove curse
Potions
 b - 3 potions of magic {unknown}
 d - 4 potions of haste {unknown}
 f - a potion of flight {unknown}
 h - a potion of lignification
 l - a potion of brilliance
 n - a potion of berserk rage
 p - 2 potions of heal wounds


   Skills:
 + Level 3.7 Fighting
 * Level 5.1 Long Blades
 + Level 2.7 Armour
 - Level 2.1 Dodging


You had 4 spell levels left.
You didn't know any spells.
Your spell library was empty.

Dungeon Overview and Level Annotations

Branches:
Dungeon (3/15)

Altars:
Elyvilon


Innate Abilities, Weirdness & Mutations

Your natural rate of healing is unusually fast.
You have razor-sharp teeth.
You have supernaturally acute eyesight. (SInv)
You can survive without breathing.


Message History

The orc priest hits you.
You hit the orc priest.
The orc priest is heavily wounded.
The orc priest hits you but does no damage.
You hit the orc priest.
The orc priest is severely wounded.
The orc hits you with a cursed -1 mace.
A white imp comes into view.
The orc completely misses you. The orc priest hits you.
You closely miss the orc priest.
The orc priest is severely wounded.
The white imp shouts!
The orc hits you but does no damage. x2; The orc priest hits you.
You hit the orc priest.
The orc priest is almost dead.
You recover from your berserk rage.
The orc hits you but does no damage.
The orc priest mumbles some strange prayers to Beogh against you.
Pain shoots through your body!
You die...

... .... .. .##..
... ...
....###..##...
...#......5..
#(.........#
#..........# .###
##...oo.....#
.....#....@o....#
#................#
#.................
#.#..<............
#....##..?......
....... ..?..#....
....... ....###...
......(#.....# .##
......# ....#


You could see an orc priest, a white imp and 2 orcs.

Vanquished Creatures
  An orc warrior (D:6)
  An orc priest (D:6)
  3 adders (D:2)
  An ufetubus (D:3)
  A worm (D:2)
  2 dart slugs (D:1)
  4 orcs
  4 bats
  A giant cockroach (D:1)
  10 goblins
  4 hobgoblins
  5 jackals
  A ball python (D:1)
  2 frilled lizards (D:1)
  12 kobolds
  7 rats
59 creatures vanquished.

Notes
Turn   | Place    | Note
-------+----------+-------------------------------------------
     0 | D:1      | jejorda2 the Vampire Berserker began the quest for the Orb.
     0 | D:1      | Reached XP level 1. HP: 17/17 MP: 1/1
   119 | D:1      | Reached XP level 2. HP: 23/23 MP: 2/2
   532 | D:1      | Reached ** piety under Trog
   619 | D:1      | Reached XP level 3. HP: 29/29 MP: 3/3
  1131 | D:2      | Reached skill level 4 in Long Blades
  1329 | D:2      | Reached XP level 4. HP: 34/35 MP: 4/4
  1341 | D:2      | Found a white marble altar of Elyvilon.
  1710 | D:3      | You fall into a shaft and drop 3 floors!
  1711 | D:6      | Noticed an orc warrior
  1725 | D:6      | Killed an orc warrior
  1726 | D:6      | Reached XP level 5. HP: 17/41 MP: 5/5
  1730 | D:6      | Reached skill level 5 in Long Blades
  1771 | D:6      | Killed from afar by an orc priest

Illustrated notes

Levels and vault maps discovered:
D:1:      amcnicky_arrival_single_pillar, layout_basic, minmay_quantized
D:2:      layout_loops_ring, elyvilon_altar_1
D:3:      layout_loops_cross, minmay_pentomino_pile
D:6:      layout_cave_pools, chequers_ossuary_entry_cave,
          amcnicky_mini_corridor_feature

Skill      XL: |  1  2  3  4  5 |
---------------+----------------+-----
Fighting       | 3 |  3.7
Armour         | 2 |  2.7
Long Blades    | 4 5 |  5.1
Dodging        | |  2.1

Action                   |  1- 3 |  4- 6 || total
-------------------------+-------+-------++-------
Melee: Falchion          |   121 |    60 ||   181
       Bite              |    14 |     7 ||    21
Invok: Berserk           |       |     1 ||     1
  Use: Scroll            |       |     8 ||     8
Armor: Animal skin       |     9 |       ||     9
       Scale mail        |    34 |    20 ||    54
       Plate armour      |       |    24 ||    24
Dodge: Dodged            |    83 |    38 ||   121
       Rpst.: Falchion   |    23 |     9 ||    32
